 Seeded DCSS version 0.27-a0-1301-g128193abf8 (webtiles) character file.

Game seed: 20210617 (custom seed)

2564 muata the Spear-Bearer (level 9, -13/79 HPs)
             Began as a Minotaur Berserker on June 17, 2021.
             Was a Priest of Trog.
             Mangled by a skeletal warrior (17 damage)
             ... led by a skeletal warrior
             ... on level 6 of the Dungeon.
             The game lasted 00:09:02 (3224 turns).

muata the Spear-Bearer (Minotaur Berserker)         Turns: 3224, Time: 00:09:04

Health: -13/79     AC:  8    Str: 25    XL:     9   Next: 31%
Magic:  8/8        EV: 10    Int:  4    God:    Trog [***...]
Gold:   260        SH:  0    Dex: 10    Spells: 8/8 levels left

rFire    . . .     SeeInvis .   l - +6 scythe
rCold    . . .     Faith    .   (shield currently unavailable)
rNeg     . . .     Spirit   .   h - +0 scale mail
rPois    .         Reflect  .   (helmet restricted)
rElec    .         Harm     .   g - +0 cloak
rCorr    .         Rampage  .   (no gloves)
Will     ++...                  i - +0 pair of boots
Stlth    ..........             o - amulet of regeneration
HPRegen  2.23/turn              (no ring)
MPRegen  0.11/turn              (no ring)

@: strong-willed (expiring), on berserk cooldown, regenerating (expiring),
slowed, very slow
A: horns 2, retaliatory headbutt
a: Renounce Religion, Berserk, Trog's Hand


You were on level 6 of the Dungeon.
You worshipped Trog.
Trog was most pleased with you.
You visited 1 branch of the dungeon, and saw 5 of its levels.

You collected 260 gold pieces.

Inventory:

Hand Weapons
 a - a +0 hand axe
 l - a +6 scythe (weapon)
Missiles
 e - 8 atropa-tipped darts
 u - 15 poisoned darts
Armour
 b - a +0 animal skin
 g - a +0 cloak (worn)
 h - a +0 scale mail (worn)
 i - a +0 pair of boots (worn)
 p - a scarf of resistance
Jewellery
 o - an amulet of regeneration (around neck)
Wands
 k - a wand of polymorph (7)
Scrolls
 c - a scroll of fog {unknown}
 d - 4 scrolls of teleportation {unknown}
 j - a scroll of magic mapping {unknown}
 m - a scroll of brand weapon {unknown}
 n - 6 scrolls of identify {unknown}
 q - a scroll of torment {unknown}
 v - a scroll of fear {unknown}
Potions
 f - a potion of magic {unknown}
 r - a potion of brilliance {unknown}
 s - a potion of might {unknown}
 t - 2 potions of curing {unknown}


   Skills:
 - Level 7.2 Fighting
 - Level 5.9(10.1) Axes
 + Level 12.5(13.0) Polearms
 - Level 2.4 Armour
 - Level 2.1 Dodging


You had 8 spell levels left.
You didn't know any spells.
Your spell library was empty.

Dungeon Overview and Level Annotations

Branches:
Dungeon (6/15)
 Temple: D:4-7

Altars:
Cheibriados
Xom


Innate Abilities, Weirdness & Mutations

You have a pair of horns on your head.
You reflexively headbutt those who attack you in melee.


Message History

The skeletal warrior hits you with a +0 war axe!!
You slash the skeletal warrior!
The skeletal warrior is moderately damaged.
The skeletal warrior hits you with a +0 war axe!!
* * * LOW HITPOINT WARNING * * *
You slash the skeletal warrior!
The skeletal warrior is heavily damaged.
The skeletal warrior hits you but does no damage.
You closely miss the skeletal warrior.
The skeletal warrior is heavily damaged.
The skeletal warrior hits you with a +0 war axe.
* * * LOW HITPOINT WARNING * * *
You slice the skeletal warrior!!
Your headbutt misses the skeletal warrior.
The skeletal warrior is almost destroyed.
The skeletal warrior misses you. You furiously retaliate!
You headbutt the skeletal warrior.
A skeletal warrior comes into view. It is wielding a +0 glaive.
You slice the skeletal warrior!!
You destroy the skeletal warrior!
Trog accepts your kill.
Your base Polearms skill increases to level 12!
You barely miss the skeletal warrior.
The skeletal warrior hits you with a +0 dire flail!
* * * LOW HITPOINT WARNING * * *
You slice the skeletal warrior!!
Your headbutt misses the skeletal warrior.
The skeletal warrior is heavily damaged.
You feel the effects of Trog's Hand fading.
The skeletal warrior hits you from afar with a +0 glaive!!
* * * LOW HITPOINT WARNING * * *
The skeletal warrior hits you but does no damage.
You hit the skeletal warrior but do no damage.
You headbutt the skeletal warrior!
The skeletal warrior is heavily damaged.
You are no longer berserk.
You are exhausted.
You feel yourself slow down.
The skeletal warrior hits you from afar with a +0 glaive!
You die...

#.# #.#######
#.....<.# #.#####.#
###.#####.####... #
..#...)..........
###.
#.#.#####.####...
....### #.#.#####.#
..!....##.#zz@....#
......(.z..########
z......##..#
....z..z...#
.........#.#
.......#.#.#
....#..#.#.#
.....!(....#
.#######.###


You could see 3 skeletal warriors.

Vanquished Creatures
  2 skeletal warriors (D:6)
  Sigmund (D:2)
  Eustachio (D:4)
  A water moccasin (D:5)
  A sky beast (D:5)
  A black bear (D:4)
  2 necrophages
  An ice beast (D:5)
  2 ogres
  A phantom (D:4)
  2 hounds (D:4)
  An orc priest (D:5)
  A bullfrog skeleton (D:6)
  3 iguanas (D:5)
  An orc wizard (D:5)
  2 hound zombies (D:5)
  4 adders
  4 gnolls (D:4)
  A white imp (D:6)
  An ufetubus (D:4)
  An adder zombie (D:5)
  2 worms (D:4)
  4 dart slugs
  12 orcs
  2 bats
  5 endoplasms (D:1)
  2 giant cockroaches
  4 goblins
  10 hobgoblins
  4 jackals (D:1)
  4 kobolds
  A quokka (D:4)
  2 ball pythons
  A rat (D:1)
87 creatures vanquished.

Vanquished Creatures (others)
  2 plants (D:1)
2 creatures vanquished.

Grand Total: 89 creatures vanquished

Notes
Turn   | Place    | Note
-------+----------+-------------------------------------------
     0 | D:1      | muata the Minotaur Berserker began the quest for the Orb.
     0 | D:1      | Reached XP level 1. HP: 19/19 MP: 0/0
    41 | D:1      | Found a faded altar of an unknown god.
    71 | D:1      | Reached XP level 2. HP: 22/27 MP: 1/1
   784 | D:1      | Reached XP level 3. HP: 30/34 MP: 2/2
  1336 | D:2      | Noticed Sigmund
  1349 | D:2      | Killed Sigmund
  1350 | D:2      | Reached skill level 5 in Fighting
  1350 | D:2      | Reached skill level 5 in Axes
  1350 | D:2      | Reached XP level 4. HP: 44/44 MP: 3/3
  1350 | D:2      | Reached XP level 5. HP: 50/50 MP: 4/4
  1517 | D:2      | You fall into a shaft and drop 2 floors!
  1527 | D:4      | Noticed a phantom
  1535 | D:4      | Reached ** piety under Trog
  1536 | D:4      | Killed a phantom
  1537 | D:4      | Reached skill level 2 in Polearms
  1537 | D:4      | Reached XP level 6. HP: 58/58 MP: 5/5
  1677 | D:4      | Reached skill level 3 in Polearms
  1746 | D:4      | Reached XP level 7. HP: 49/66 MP: 6/6
  1749 | D:4      | Reached skill level 4 in Polearms
  1814 | D:4      | Noticed Eustachio
  1855 | D:4      | Killed Eustachio
  1856 | D:4      | Reached skill level 5 in Polearms
  2289 | D:4      | Found a shimmering altar of Xom.
  2294 | D:4      | Reached skill level 6 in Polearms
  2355 | D:4      | Found a snail-covered altar of Cheibriados.
  2478 | D:5      | Entered Level 5 of the Dungeon
  2655 | D:5      | Reached skill level 7 in Polearms
  2674 | D:5      | Reached *** piety under Trog
  2704 | D:5      | Reached skill level 8 in Polearms
  2704 | D:5      | Reached XP level 8. HP: 73/73 MP: 7/7
  2767 | D:5      | Reached skill level 9 in Polearms
  3185 | D:6      | Noticed a skeletal warrior
  3198 | D:6      | Reached skill level 10 in Polearms
  3202 | D:6      | Noticed a skeletal warrior
  3210 | D:6      | Noticed a skeletal warrior
  3211 | D:6      | Noticed a skeletal warrior
  3214 | D:6      | Killed a skeletal warrior
  3215 | D:6      | Reached skill level 11 in Polearms
  3215 | D:6      | Reached XP level 9. HP: 74/79 MP: 8/8
  3220 | D:6      | Noticed a skeletal warrior
  3221 | D:6      | Killed a skeletal warrior
  3222 | D:6      | Reached skill level 12 in Polearms
  3223 | D:6      | HP: 3/118 [skeletal warrior[a skeletal warrior] (21)]
  3224 | D:6      | Mangled by a skeletal warrior

Illustrated notes

Levels and vault maps discovered:
D:1:      dpeg_arrival_shelter, layout_basic,
          hellmonk_ecumenical_altar_lost_god, serial_bayou, serial_bayou_pond_a,
          serial_bayou_lagoon_b, serial_bayou_pond_e, serial_bayou_crossing
D:2:      layout_basic, uniq_sigmund
D:4:      layout_basic, lemuel_tele_altar, amcnicky_altar_gilded,
          minmay_circle_x, uniq_eustachio
D:5:      layout_loops_ring
D:6:      layout_loops_cross, minmay_temple_entry_arrows, uniq_grinder

Skill      XL: |  1  2  3  4  5  6  7  8  9 |
---------------+----------------------------+-----
Fighting       | 4 5 6 7 |  7.2
Axes           | 4 5 |  5.9
Polearms       | 2 3 8 11 12 | 12.5
Armour         | |  2.4
Dodging        | |  2.1

Action                   |  1- 3 |  4- 6 |  7- 9 || total
-------------------------+-------+-------+-------++-------
Melee: Hand axe          |    44 |       |       ||    44
       Headbutt          |    13 |     4 |    11 ||    28
       Scythe            |       |    32 |   106 ||   138
Invok: Berserk           |     2 |     1 |     2 ||     5
       Trog's Hand       |       |       |     1 ||     1
Armor: Animal skin       |     9 |       |       ||     9
       Scale mail        |     6 |    23 |    79 ||   108
Dodge: Dodged            |    26 |    27 |    79 ||   132

Table legend: (Time is in decaauts)
 A = Elapsed time spent in this place.
 B = Non-inter-level travel time spent in this place.
 C = Inter-level travel time spent in this place.
 D = Time resting spent in this place.
 E = Time spent auto-exploring this place.
 F = Levels seen in this place.
 G = Mean time per level.
                   A        B        C        D        E       F      G
               +--------+--------+--------+--------+--------+-----+--------+
         Total |   3359 |   3043 |    316 |     26 |   2246 |   5 |  671.8 |
       Dungeon |   3359 |   3043 |    316 |     26 |   2246 |   5 |  671.8 |
               +--------+--------+--------+--------+--------+-----+--------+

Top non-repeatable levels by time:
     D:1: 1156 daAuts
     D:4: 1033 daAuts
     D:5: 699 daAuts
     D:2: 399 daAuts
     D:6: 70 daAuts
